 Dungeon Crawl Stone Soup version 0.25-a0-589-g1e14c549ee (webtiles) character file.

Game seed: 15657595811565340169, levelgen mode: deterministic

2745 ipx the Cleaver (level 9, 75/75 HPs)
             Began as a Hill Orc Fighter on Mar 11, 2020.
             Got out of the dungeon alive.
             The game lasted 00:44:17 (4491 turns).

ipx the Cleaver (Hill Orc Fighter)                  Turns: 4491, Time: 00:44:17

Health: 75/75      AC: 10    Str: 20    XL:     9   Next: 68%
Magic:  10/10      EV: 10    Int:  8    God:
Gold:   316        SH: 11    Dex: 12    Spells: 8/8 levels left

rFire    . . .     SeeInvis .   a - +0 war axe
rCold    . . .     Gourm    .   c - +0 kite shield
rNeg     . . .     Faith    .   x - +2 steam dragon scales
rPois    .         Spirit   .   (no helmet)
rElec    .         Reflect  .   h - +2 cloak
rCorr    +         Harm     .   (no gloves)
MR       .....                  (no boots)
Stlth    +.........             (no amulet)
HPRegen  0.22/turn              z - ring of resist corrosion
MPRegen  0.12/turn              (no ring)

@: no status effects
A: no striking features
a: no special abilities


You escaped.
You were hungry.

You visited 2 branches of the dungeon, and saw 8 of its levels.

You collected 381 gold pieces.
You spent 65 gold pieces at shops.

Inventory:

Hand Weapons
 a - a +0 war axe (weapon)
 b - a +0 hunting sling
Missiles
 k - 66 stones
 n - 20 poisoned darts (quivered)
 r - a throwing net
Armour
 c - a +0 kite shield (worn)
 h - a +2 cloak (worn)
 t - a +0 tower shield
 x - +2 steam dragon scales (worn)
Jewellery
 z - a ring of resist corrosion (left hand)
Wands
 o - a wand of random effects (12)
 q - a wand of paralysis (1)
Scrolls
 e - 3 scrolls of enchant armour
 i - 2 scrolls of amnesia
 j - a scroll of remove curse
 l - a scroll of torment
 p - 4 scrolls of enchant weapon
 w - a scroll of blinking {unknown}
Potions
 d - 2 potions of might
 m - 2 potions of flight
 s - a potion of invisibility {unknown}
 u - 2 potions of curing
 v - 2 potions of stabbing {unknown}
Comestibles
 f - 5 rations


   Skills:
 - Level 6.0 Fighting
 + Level 12.0 Axes
 - Level 3.2 Armour
 + Level 1.0 Dodging
 + Level 9.0 Shields
 - Level 2.0 Evocations


You had 8 spell levels left.
You didn't know any spells.
Your spell library contained the following spells:

 Spells                   Type           Power        Failure   Level  Hunger
 Foxfire                  Conj/Fire      #...         67%         1    ##.....
 Magic Dart               Conj           #...         67%         1    ##.....
 Blink                    Tloc           N/A          80%         2    ###....
 Call Imp                 Summ           #.......     80%         2    ###....
 Slow                     Hex            #.......     80%         2    ###....
 Conjure Flame            Conj/Fire      #.......     95%         3    ####...
 Inner Flame              Hex/Fire       #.......     95%         3    ####...
 Mephitic Cloud           Conj/Pois/Air  #.......     95%         3    ####...
 Sticky Flame             Conj/Fire      #.......     100%        4    #####..
 Fireball                 Conj/Fire      #.........   100%        5    ######.


Dungeon Overview and Level Annotations

Branches:
Dungeon (7/15)             Temple (1/1) D:6

Altars:
Nemelex Xobeh
Okawaru
Uskayaw
Vehumet
Yredelemnul
The Shining One

Shops:
D:4 }

Annotations:
D:7 1 runed translucent door, wullow's ghost, novice DsFi


Message History

You climb upwards.
There is a stone staircase leading down here.
The phantom is too close now for your liking.
There is a stone staircase leading up here.
You climb upwards.
There is a stone staircase leading down here.
(D) Dungeon (T) Temple
Where to? (Enter - D:1, ? - help)
Okay, then.
Unknown command.
There is an open door here.
There is an open door here.
You are feeling hungry.
You see here a glowing leather armour.
There is an escape hatch in the ceiling here.
A mysterious force pulls you upwards. The hatch slams shut behind you.
There is an empty arch of ancient stone here.
There is a staircase leading out of the dungeon here.
Are you sure you want to leave the Dungeon?
This will make you lose the game!
You have escaped!

#....# #. #.# #...# #....#
.#..##.# #... #.#..# #.. ....##
#.. #####.#..# #.. ♣..###.######
#.....#..##.♣.♣♣♣♣♣...##......#
#.....#..>.♣♣♣.∩∩∩♣.♣♣.>......#
#.....#....♣♣∩.....∩♣♣........#
..........♣♣∩..♣♣♣(.∩♣♣.......###
....#.#...♣♣∩...@...∩♣♣..###.....
..........♣♣∩..♣♣♣..∩♣♣..# #.†...
....#.#....♣♣∩.....∩♣♣...# #.....
....#.#..>.♣♣♣♣∩.∩♣♣♣♣.>.###.....
##..#.#.....♣♣♣♣.♣♣♣♣............
..............♣♣.♣♣..# ######.†.
#...#.#.###.........# #...
#...................# #...
#...#.#......###...## ##...


There were no monsters in sight!

Vanquished Creatures
  Pikel (D:5)
  Maggie (D:7)
  A hornet (D:7)
  Grinder (D:5)
  A hungry ghost (D:7)
  A porcupine (D:6)
  A sky beast (D:6)
  A slave (D:5)
  An ogre (D:4)
  A bullfrog (D:6)
  A gnoll sergeant (D:4)
  4 scorpions
  A howler monkey (D:7)
  3 crimson imps
  3 orc wizards
  2 hounds (D:7)
  A gnoll shaman (D:4)
  5 worker ants
  A killer bee zombie (D:7)
  A howler monkey zombie (D:7)
  7 adders
  29 gnolls
  A howler monkey skeleton (D:6)
  2 shadow imps
  An adder zombie (D:6)
  A worm (D:6)
  A dart slug (D:4)
  13 orcs
  3 bats
  3 giant cockroaches
  7 goblins
  4 hobgoblins
  22 jackals
  2 quokkas
  2 frilled lizards (D:1)
  4 kobolds
  A quokka skeleton (D:4)
  A quokka zombie (D:7)
  3 rats
139 creatures vanquished.

Notes
Turn   | Place    | Note
-------+----------+-------------------------------------------
     0 | D:1      | ipx the Hill Orc Fighter began the quest for the Orb.
     0 | D:1      | Reached XP level 1. HP: 19/19 MP: 1/1
    81 | D:1      | Reached skill level 3 in Axes
   204 | D:2      | Reached skill level 4 in Axes
   204 | D:2      | Reached XP level 2. HP: 24/26 MP: 2/2
   261 | D:2      | Reached XP level 3. HP: 14/31 MP: 3/3
   512 | D:2      | Reached skill level 5 in Axes
   551 | D:2      | Found a sparkling altar of Nemelex Xobeh.
   646 | D:2      | Reached XP level 4. HP: 35/40 MP: 4/4
   725 | D:3      | Noticed a +0 hand axe
   726 | D:3      | Noticed a +0 dagger
   729 | D:3      | Found a hide-covered altar of Uskayaw.
   816 | D:4      | Noticed an ogre
   902 | D:4      | Noticed a phantom
  1111 | D:4      | Reached skill level 6 in Axes
  1111 | D:4      | Reached XP level 5. HP: 45/47 MP: 5/5
  1194 | D:4      | Reached skill level 5 in Fighting
  1213 | D:5      | Entered Level 5 of the Dungeon
  1282 | D:5      | Noticed Grinder
  1296 | D:5      | Paralysed by Grinder for 4 turns
  1322 | D:5      | Killed Grinder
  1322 | D:5      | Reached skill level 7 in Axes
  1322 | D:5      | Reached XP level 6. HP: 30/57 MP: 6/6
  1374 | D:4      | Found Petexif's Gadget Boutique.
  1396 | D:4      | Reached XP level 7. HP: 27/63 MP: 7/7
  1551 | D:4      | Reached skill level 8 in Axes
  1577 | D:4      | Bought a wand of paralysis (3) for 65 gold pieces
  1668 | D:4      | Reached skill level 1 in Evocations
  1955 | D:4      | Reached skill level 5 in Shields
  2163 | D:4      | Reached XP level 8. HP: 70/70 MP: 9/9
  2311 | D:3      | You fall into a shaft and drop 2 floors!
  2345 | D:3      | Found a basalt altar of Yredelemnul.
  2347 | D:3      | Reached skill level 9 in Axes
  2454 | D:5      | Noticed Pikel
  2487 | D:5      | Killed Pikel
  2487 | D:5      | Reached skill level 10 in Axes
  2740 | D:6      | Noticed Edmund
  2744 | D:6      | Noticed Edmund
  2744 | D:6      | Edmund changed into Edmund the porcupine
  2756 | D:6      | Killed Edmund the porcupine
  2918 | D:6      | Found a radiant altar of Vehumet.
  3025 | D:6      | Reached XP level 9. HP: 51/75 MP: 10/10
  3231 | D:7      | Reached skill level 11 in Axes
  3497 | D:7      | Noticed a hornet
  3512 | D:7      | Killed a hornet
  3688 | D:7      | Noticed Maggie
  3699 | D:7      | Killed Maggie
  3726 | D:7      | Found a runed translucent door.
  3729 | D:7      | Noticed wullow's ghost (novice DsFi)
  3730 | D:7      | Found a glowing golden altar of the Shining One.
  4051 | D:7      | Reached skill level 12 in Axes
  4225 | D:7      | Reached skill level 1 in Dodging
  4370 | D:6      | Found a staircase to the Ecumenical Temple.
  4377 | Temple   | Entered the Ecumenical Temple
  4491 | D:$      | Got out of the dungeon alive.

Levels and vault maps discovered:
D:1:      heliophobic_arrival_henge, layout_basic, corexii_hall_statues_s
D:2:      layout_basic, lemuel_round_altar
D:3:      layout_basic, dancing_weapons_uskayaw, yredelemnul_altar_generic
D:4:      lemuel_castle_with_subvaults [lemuel_castle_interior_carwin_2],
          layout_loops_ring, serial_shops, shop
D:5:      minmay_angry_zag, layout_loops_corners, first_ration, minivault_25,
          minmay_misc_feat_x, uniq_pikel, uniq_grinder
D:6:      layout_cave_pods, kennysheep_mini, minmay_temple_entry_junction,
          basic_altar, kennysheep_nondescript, uniq_edmund
D:7:      layout_gridville, ebering_ghost_inner_flame, basic_altar, uniq_maggie
Temple:   nicolae_temple_elliptical

Skill      XL: |  1  2  3  4  5  6  7  8  9 |
---------------+----------------------------+-----
Axes           | 4 5 6 7 8 10 12 | 12.0
Fighting       | 4 6 |  6.0
Shields        | 5 7 9 |  9.0
Evocations     | 2 |  2.0
Dodging        | 1 |  1.0
Armour         | |  3.2

Action                   |  1- 3 |  4- 6 |  7- 9 || total
-------------------------+-------+-------+-------++-------
Melee: War axe           |   106 |   111 |   424 ||   641
 Fire: Hunting sling     |       |    11 |     2 ||    13
Throw: Dart              |       |     8 |    19 ||    27
       Stone             |       |       |     1 ||     1
Evoke: Wand              |       |       |     3 ||     3
  Use: Potion            |     1 |       |       ||     1
       Scroll            |       |     4 |     4 ||     8
 Stab: Paralysed         |       |       |     9 ||     9
  Eat: Chunk             |       |     3 |     8 ||    11
       Ration            |       |       |     3 ||     3
Armor: Scale mail        |    57 |    54 |   146 ||   257
       Steam dragon scal |       |       |    16 ||    16
Dodge: Dodged            |    42 |    34 |    82 ||   158
Block: Kite shield       |    56 |    57 |   185 ||   298

Table legend:
 A = Non-vault XP
 B = Vault XP
 C = Vault XP percentage of total XP
 D = Non-vault monster count
 E = Vault monster count
 F = Vault count percentage of total count
                 A         B        C        D         E       F
            +---------+---------+-------+---------+---------+-------
      Total |    1964 |    1958 |  49.9 |      89 |      49 |  35.5
            +---------+---------+-------+---------+---------+-------
        D:1 |       7 |       0 |   0.0 |       5 |       0 |   0.0
        D:2 |      76 |       0 |   0.0 |      18 |       0 |   0.0
        D:3 |     137 |       0 |   0.0 |      18 |       0 |   0.0
        D:4 |     287 |     531 |  64.9 |      14 |      45 |  76.3
        D:5 |      42 |     940 |  95.7 |       3 |       2 |  40.0
        D:6 |     353 |     137 |  28.0 |      11 |       1 |   8.3
        D:7 |    1062 |     350 |  24.8 |      20 |       1 |   4.8
            +---------+---------+-------+---------+---------+-------
